 Dungeon Crawl Stone Soup version 0.30.1-4-g462c640d31 (webtiles) character file.

Game seed: 5448255599616830347

32 growler the Trooper (level 3, 27/29 HPs)
             Began as a Demonspawn Gladiator on Aug 19, 2023.
             Quit the game on level 2 of the Dungeon.
             The game lasted 00:02:09 (1124 turns).

growler the Trooper (Demonspawn Gladiator)          Turns: 1124, Time: 00:02:10

Health: 27/29      AC:  4    Str: 14    XL:     3   Next: 8%
Magic:  3/3        EV: 12    Int: 11    God:
Gold:   67         SH:  0    Dex: 14    Spells: 2/2 levels left

rFire   . . .        a - +0 war axe
rCold   . . .        (no shield)
rNeg    . . .        b - +0 leather armour
rPois   .            c - +0 helmet
rElec   .            (no cloak)
rCorr   .            (no gloves)
SInv    .            (no boots)
Will    .....        (no amulet)
Stlth   +            (no ring)
HPRegen 0.24/turn    (no ring)
MPRegen 0.08/turn

%: no passive effects
@: no status effects
A: claws 1, hooves 1
a: no special abilities


You were on level 2 of the Dungeon.
You visited 1 branch of the dungeon, and saw 2 of its levels.

You collected 67 gold pieces.

Inventory:

Hand Weapons
 a - a +0 war axe (weapon)
Missiles
 d - 3 throwing nets (quivered)
 e - a javelin
Armour
 b - a +0 leather armour (worn)
 c - a +0 helmet (worn)
Scrolls
 g - a scroll of teleportation {unknown}
 j - a scroll of identify {unknown}
 l - 2 scrolls of silence {unknown}
Potions
 f - a potion of attraction {unknown}
 h - a potion of flight {unknown}
 i - a potion of lignification {unknown}
 k - a potion of degeneration {unknown}


   Skills:
 + Level 3.0 Fighting
 - Level 2.9 Axes
 - Level 2.0 Throwing
 - Level 2.8 Dodging


You had 2 spell levels left.
You didn't know any spells.
Your spell library contained the following spells:

 Spells                   Type           Power      Damage    Failure   Level
 Summon Guardian Golem    Hex/Summ       0%         N/A       80%         3
 Vhi's Electric Charge    Tloc/Air       0%         N/A       80%         3
 Arcjolt                  Conj/Air       0%         1d10      100%        5
 Orb of Destruction       Conj           0%         9d5       100%        7
 Spellforged Servitor     Conj/Summ      0%         N/A       100%        7
 Maxwell's Capacitive Co  Air            0%         ∞         100%        8


Dungeon Overview and Level Annotations

Branches:
Dungeon (2/15)

Altars:


Innate Abilities, Weirdness & Mutations

You have sharp fingernails.
You have large cloven feet.


Message History

You see here a +0 sling.
l - 2 scrolls labelled TOTIGRA SUSTRES (gained 1)
You see here a +0 sling.
Done exploring.
Done exploring.
There is a stone staircase leading down here.
You climb downwards.
Found a sling.
There is a stone staircase leading up here.
A hobgoblin comes into view.
The helpless endoplasm fails to defend itself.
You slash the endoplasm!
You kill the endoplasm!
The hobgoblin shouts!
Your Fighting skill increases to level 3!
You have reached level 3!
Your experience leads to an increase in your attributes!
Increase (S)trength, (I)ntelligence, or (D)exterity?
You feel clever. x2; Your demonic ancestry asserts itself...
Your feet thicken and deform.
You closely miss the hobgoblin. The hobgoblin hits you.
You slash the hobgoblin!
You kill the hobgoblin!
The hobgoblin closely misses you.
You hit the hobgoblin.
The hobgoblin is heavily wounded.
The hobgoblin completely misses you.
You hit the hobgoblin.
The hobgoblin is severely wounded.
The hobgoblin hits you but does no damage.
The hobgoblin barely misses you.
You completely miss the hobgoblin. Your kick misses the hobgoblin.
The hobgoblin is severely wounded.
The hobgoblin hits you.
You closely miss the hobgoblin.
The hobgoblin is severely wounded.
The hobgoblin hits you but does no damage.
You slash the hobgoblin!
You kill the hobgoblin!
Are you sure you want to abandon this character and quit the game? (Confirm with "yes".)

.# .. .# ..
.# . .# .g.
####.#
#..###..@.#
#...<.####
#)..#.#
#...#..#
#...##..#
..### #...
##. #### #


There were no monsters in sight!

Vanquished Creatures
  A dart slug (D:1)
  A ball python (D:1)
  6 endoplasms
  3 hobgoblins
  6 jackals (D:1)
  3 quokkas (D:1)
  3 kobolds (D:1)
23 creatures vanquished.

Notes
Turn   | Place    | Note
-------+----------+-------------------------------------------
     0 | D:1      | growler the Demonspawn Gladiator began the quest for the
                  | Orb.
     0 | D:1      | Reached XP level 1. HP: 16/16 MP: 1/1
   156 | D:1      | Discovered your monstrous ancestry.
   156 | D:1      | Gained mutation: You have sharp fingernails. [demonic
                  | ancestry]
   156 | D:1      | Reached XP level 2. HP: 17/22 MP: 2/2
   747 | D:1      | Found a faded altar of an unknown god.
  1113 | D:2      | Reached skill level 3 in Fighting
  1113 | D:2      | Gained mutation: You have large cloven feet. [demonic
                  | ancestry]
  1113 | D:2      | Reached XP level 3. HP: 29/29 MP: 3/3
  1124 | D:2      | Quit the game

Illustrated notes

Levels and vault maps discovered:
D:1:      lightli_arrival_windingriver, layout_basic,
          hellmonk_ecumenical_altar_arch_garden
D:2:      layout_rooms

Skill      XL: |  1  2 |
---------------+-------+-----
Throwing       | 2 |  2.0
Fighting       | 3 |  3.0
Axes           | |  2.9
Dodging        | |  2.8

Action                     || total
---------------------------++-------
  Melee: War axe           ||    58
   Stab: Sleeping          ||     4
 Armour: Leather armour    ||    23
  Dodge: Dodged            ||    47
